Unix NetHack Version 3.7.0-97 Work-in-progress - last build Jan 28 2024 04:41:54 (eae211b052f4c4d875b52ed558e44d2f93f0896c,branch:master). Game began 2024-01-16 08:52:10, ended 2024-01-28 18:59:47. faith, neutral male human Healer -------------------------------- |..............................| |.------|---------.{..-----|--.| |.|.%.|..|....|]%|---.|(((|..|.| # ----- ----- |.-*%%|.{|....|%[| +.|(.)|..|..#########....| |..>| |.|---------|-|(.| |.|...|..|.| #|...| ....| |.|....|......--|----.--|----|..#` #-...| |...| |.|......--|-.............|..|.| #####|.a.| ##....| ------ #|.|.(..-.|..|+--..{.(-|--.-..|.. ## #....-### |...| |.<...######..|......|%%|..|.-+--|..|.----..###@pa@a#|..*| #....| |....| #|.|-----.|.%|..|.|...|..|......| ## #----- ----- |....| |.|...-..|------||...|---|----..### |..... |.|. |..| |....|...|..|. |.| # |....| |.| |..+ |....|%.*|..|.. |.|# |....| |.-----..-------------|-------.. ------ |..............................| -------------------------------- Faith the Embalmer St:13 Dx:11 Co:17 In:8 Wi:16 Ch:16 Neutral S:4526 Dlvl:5 $:427 HP:56(66) Pw:62(62) AC:-4 Xp:7/1054 T:7075 Latest messages: Pakka Pakka offers 25 gold pieces for your dwarvish cloak. Sell it? [ynaq] (n) y You sold a dwarvish cloak for 25 gold pieces. You hear crashing rock. You hear someone praising Athena. You hear the chime of a cash register. What do you want to write with? [- cghjtvwzACEI-KMPQTY or ?*] Y You write in the dust with 2 cursed green gems. What do you want to write in the dust here? Never mind. What do you want to call? [cgmptwxABEIMS-UWY or ?*] Y Call a green gem: green v What do you want to throw? [$J or ?*] Y In what direction? n The gray unicorn catches the gem called green v. The gray unicorn is not interested in your junk. The gray unicorn vanishes! You see here a cursed gem called green v. (For instructions type a '?') Call a gem called green v: green glass What do you want to drop? [$a-tv-xzA-FH-KMO-QS-UW-Z or ?*] Y You drop a cursed gem called green glass. You hit the iron piercer! You miss the iron piercer. You hit the iron piercer! You miss the iron piercer. You hit the iron piercer! The fire ant misses! The fire ant bites! You avoid harm. The fire ant bites! The fire ant bites again! You avoid harm. What do you want to zap? [cghjtvzEQ or ?*] ? In what direction? h The sleep ray hits the fire ant. The sleep ray hits it. You hit the fire ant! You miss the fire ant. You hit the fire ant! The fire ant bites! The fire ant bites again! You're on fire! One of your potions of healing boils and explodes! Some of your potions of extra healing boil and explode! One of your clear potions boils and explodes! Call a clear potion: Your movements are now unencumbered. Your lamp called oil catches light! Really quit? [yn] (n) y Do you want your possessions identified? [ynq] (y) q Inventory: Coins $ - 427 gold pieces Weapons J - 13 cursed -1 darts K - a blessed +3 mace (weapon in right hand) Armor n - an uncursed +0 orcish helm q - an uncursed rusty +2 orcish helm (being worn) b - an uncursed +1 pair of leather gloves (being worn) a - an uncursed +0 pair of iron shoes (being worn) X - an uncursed +0 Hawaiian shirt with a giant eel motif (being worn) O - an uncursed +0 studded leather armor (being worn) Comestibles o - 3 uncursed slime molds l - 6 uncursed apples r - an uncursed banana Z - 2 uncursed food rations F - an uncursed fortune cookie D - an uncursed pear i - an uncursed tripe ration H - a cursed egg Scrolls p - 3 uncursed scrolls of earth S - an uncursed scroll of remove curse x - an uncursed scroll of teleportation Potions f - 2 uncursed potions of extra healing d - 2 blessed potions of healing e - 2 uncursed potions of healing W - 3 uncursed potions of water Rings C - an uncursed +1 ring of gain constitution (on left hand) A - an uncursed ring of slow digestion I - an uncursed ring of sustain ability w - an uncursed ring of warning Wands z - a wand of digging (0:3) Q - a wand of light (0:14) j - a wand of lightning (0:5) v - a wand of lightning (0:0) E - a wand of locking (0:5) c - a wand of magic missile (0:6) t - a wand of opening (0:6) h - a wand of sleep (0:3) g - a wand of slow monster (0:4) Tools k - an uncursed lock pick U - an uncursed magic whistle m - an uncursed mirror B - an uncursed oil lamp (lit) s - an uncursed stethoscope P - an uncursed towel Gems/Stones T - 2 uncursed aquamarine stones M - a cursed worthless piece of black glass Faith the Healer's attributes: Background: You were an Embalmer, a level 7 male human Healer. You were neutral, on a mission for Hermes who was opposed by Athena (lawful) and Poseidon (chaotic). You were right-handed. You were in the Gnomish Mines, on level 5. You entered the dungeon 7075 turns ago. You had 1054 experience points, 226 more were needed to attain level 8. Your score was 4526 before end-of-game adjustments. Basics: You had 56 out of 66 hit points. You had all 62 energy points (spell power). Your armor class was -4. Your wallet contained 427 zorkmids. Autopickup was off. Final Characteristics: Your strength was 13 (limit:18/100). Your dexterity was 11 (limit:18). Your constitution was 17 (base:16, limit:18). Your intelligence was 8 (limit:18). Your wisdom was 16 (limit:18). Your charisma was 16 (limit:18). Final Status: You weren't hungry. You were unencumbered. You were wielding a mace. You had basic skill with mace. Final Attributes: You were piously aligned. You were poison resistant. You were telepathic. You had a small defense bonus (+5). You were warded. You were lucky. You survived. Miscellaneous: You never encountered a bones level. Total elapsed playing time was 1 hour, 58 minutes and 19 seconds. Major events: Turn 1: faith the neutral male human Healer entered the dungeon 1925: attained the rank of Empiric (level 3) 2206: found Sting on the floor 3969: entered Sokoban 4610: attained the rank of Embalmer (level 6) 5175: entered the Gnomish Mines 5334: reached Mine Town 7075: quit Vanquished creatures: an orc mummy a dwarf mummy a gold golem a lizard a dog 2 dwarf leaders 2 dust vortices a snake 2 fire ants a mountain nymph 2 orc shamans a rock mole a violet fungus 3 gnome leaders 3 gnomish wizards a paper golem 2 giant ants 4 floating eyes 5 dwarves a homunculus a kobold leader a kobold shaman a rothe a rabid rat 4 giant bats 3 monkeys 3 wererats 2 werejackals an iguana an acid blob a gas spore a hobbit 2 manes 2 large kobolds a hobgoblin 3 cave spiders a brown mold 2 yellow molds a red mold 18 gnomes 8 garter snakes a gnome zombie 4 geckos 5 jackals 4 foxes 3 goblins 5 sewer rats 4 grid bugs 10 lichens a kobold zombie 4 newts 135 creatures vanquished. No species were genocided or became extinct. Voluntary challenges: You read items or engraved 11 times. You never engraved Elbereth. You never genocided any monsters. You never polymorphed an object. You never changed form. You used no wishes. You did not violate any of the special Sokoban rules. Achievements: You entered a shop. You attained the rank of Empiric. You entered Sokoban. You attained the rank of Embalmer. You entered the Gnomish Mines. You entered Minetown. You entered a temple. The Dungeons of Doom: levels 1 to 6 Level 1: A grave. Level 2: Stairs down to The Gnomish Mines. Level 3: A general store. Level 4: A general store, a fountain. Level 5: Many fountains. Level 6: A fountain, a grave. Stairs up to Sokoban, level 5. The Gnomish Mines: levels 3 to 5 Level 3: Level 4: Level 5: <- You were here. A general store, a temple and an altar, some fountains, a sink. Sokoban: Level 5: Unsolved. Goodbye faith the Healer... You quit in The Gnomish Mines on dungeon level 5 with 4526 points, and 427 pieces of gold, after 7075 moves. You were level 7 with a maximum of 66 hit points when you quit.